 Dungeon Crawl Stone Soup version 0.22-a0-362-g535178c (webtiles) character file.

53 Amnesiac the Grave Robber (level 3, -1/22 HPs)
             Began as a Deep Elf Necromancer on Apr 21, 2018.
             Killed from afar by an orc wizard (2 damage)
             ... with a magic dart
             ... on level 2 of the Dungeon.
             The game lasted 00:01:55 (1291 turns).

Amnesiac the Grave Robber (Deep Elf Necromancer)    Turns: 1291, Time: 00:01:55

Health: -1/22      AC:  2    Str:  9 (10) XL:     3   Next: 62%
Magic:  1/9        EV: 13    Int: 18 (20) God:
Gold:   46         SH:  0    Dex: 13 (15) Spells: 1/8 levels left

rFire    . . .     SeeInvis .   (no weapon)
rCold    . . .     Gourm    .   (no shield)
rNeg     . . .     Faith    .   a - +0 robe
rPois    .         Spirit   .   (no helmet)
rElec    .         Reflect  .   (no cloak)
rCorr    .         Harm     .   (no gloves)
MR       .....                  (no boots)
Stlth    ++........             (no amulet)
HPRegen  0.07/turn              (no ring)
MPRegen  0.11/turn              (no ring)

@: mighty
A: hooves 1, screaming 1
a: no special abilities


You were on level 2 of the Dungeon.
You were not hungry.

You visited 1 branch of the dungeon, and saw 2 of its levels.

You collected 46 gold pieces.

Inventory:

Armour
 a - a +0 robe (worn)
Scrolls
 e - a scroll of amnesia {!r, unknown}
 f - a scroll of identify {!r, unknown}
Comestibles
 c - 2 rations
 d - a chunk of flesh


   Skills:
 * Level 2.5 Fighting
 + Level 2.5 Dodging
 - Level 2.4 Stealth
 + Level 3.0 Spellcasting
 - Level 5.0 Necromancy


You had one spell level left.
You knew the following spells:

 Your Spells              Type           Power        Failure   Level  Hunger
a - Pain                  Necr           ###.         1%          1    None
d - Vampiric Draining     Necr           ###.......   6%          3    ###....
r - Regeneration          Chrm/Necr      ##........   17%         3    ###....


Dungeon Overview and Level Annotations

Branches:
Dungeon (2/15)

Altars:


Innate Abilities, Weirdness & Mutations

You have large cloven feet.
You occasionally shout uncontrollably at your foes.


Message History

The orc writhes in agony!
You hear a shout! x2
Casting: Pain (safe; 1% risk of failure)
Confirm with . or Enter, or press ? or * to list all spells.
Aiming: Pain (safe; 1% risk of failure)
Press: ? - help, Shift-Dir - straight line, f/p - orc
Aim: an orc, wielding a hand axe (almost dead, chance to defeat MR: 92%)
The orc writhes in agony!
You kill the orc!
Casting: Pain (safe; 1% risk of failure)
Confirm with . or Enter, or press ? or * to list all spells.
You can't see any susceptible monsters within range! (Use Z to cast anyway.)
You start resting.
An orc comes into view. It is wielding a dagger.
An orc is nearby!
Casting: Pain (safe; 1% risk of failure)
Confirm with . or Enter, or press ? or * to list all spells.
Aiming: Pain (safe; 1% risk of failure)
Press: ? - help, Shift-Dir - straight line, f - orc
Aim: an orc, wielding a dagger (chance to defeat MR: 92%)
The orc writhes in agony!
An orc wizard comes into view. It is wielding a dagger.
Casting: Pain (safe; 1% risk of failure)
Confirm with . or Enter, or press ? or * to list all spells.
Aiming: Pain (safe; 1% risk of failure)
Press: ? - help, Shift-Dir - straight line, f/p - orc
Aim: an orc, wielding a dagger (moderately wounded, chance to defeat MR: 92%)
The orc barely resists.
The orc wizard shouts!
Casting: Pain (safe; 1% risk of failure)
Confirm with . or Enter, or press ? or * to list all spells.
Aiming: Pain (safe; 1% risk of failure)
Press: ? - help, Shift-Dir - straight line, f/p - orc
Aim: an orc, wielding a dagger (moderately wounded, chance to defeat MR: 92%)
The orc writhes in agony!
The orc hits you with a dagger.
* * * LOW HITPOINT WARNING * * *
Casting: Pain (safe; 1% risk of failure)
Confirm with . or Enter, or press ? or * to list all spells.
You don't have enough magic to cast that spell.
The orc wizard mumbles some strange words.
The orc wizard blinks!
The orc wizard hits you with a dagger.
* * * LOW HITPOINT WARNING * * *
The orc wizard gestures wildly while chanting.
The orc wizard blinks!
Really quaff
b - a fizzy coppery potion {!q}?
It was a potion of mutation {!q}.
You feel extremely strange.
You feel the urge to shout.
You feel a little pissed off.
You feel a little more calm.
Your feet thicken and deform.
The orc hits you with a dagger.
* * * LOW HITPOINT WARNING * * *
Really quaff
g - a metallic red potion {!q}?
It was a potion of degeneration {!q}.
There was something very wrong with that liquid.
You feel weakened.
You feel dopey.
You feel clumsy. The orc closely misses you.
The orc wizard casts a spell.
The orc wizard seems to speed up.
Really quaff
h - a fizzy white potion {!q}?
It was a potion of might {!q}.
You feel very mighty all of a sudden.
The orc wizard gestures at you while chanting.
The magic dart hits you!
You die...

#################. .# ...#
#...............#w .# ...#
#...............#.#o# ...#
#...............#..†# ...#
#.........o.....##..# . ...#
#...............##..###... ...#
#...............##........
...###..........@o...##..###.$
........)............)...?....#
...###...............###...##.#
.### #...............# ...# .#
################# >..# .# #...#
## ####


You could see an orc wizard and an orc.

Vanquished Creatures
  A worm (D:2)
  A dart slug (D:1)
  4 leopard geckos
  An orc (D:2)
  2 giant cockroaches (D:1)
  6 goblins
  5 hobgoblins
  5 jackals (D:1)
  5 kobolds (D:1)
  A ball python (D:2)
  A bat (D:2)
  2 frilled lizards (D:1)
  4 rats
38 creatures vanquished.

Notes
Turn   | Place    | Note
-------+----------+-------------------------------------------
     0 | D:1      | Amnesiac the Deep Elf Necromancer began the quest for the Orb.
     0 | D:1      | Reached XP level 1. HP: 10/10 MP: 6/6
    39 | D:1      | Reached skill level 1 in Fighting
   171 | D:1      | Reached XP level 2. HP: 13/16 MP: 5/8
   556 | D:1      | Reached skill level 5 in Necromancy
   651 | D:1      | Reached XP level 3. HP: 13/21 MP: 3/9
   732 | D:1      | Learned a level 3 spell: Vampiric Draining
   736 | D:1      | Learned a level 3 spell: Regeneration
  1289 | D:2      | Gained mutation: You occasionally shout uncontrollably at your foes. [potion of mutation]
  1289 | D:2      | Gained mutation: You tend to lose your temper in combat. [potion of mutation]
  1289 | D:2      | Lost mutation: You tend to lose your temper in combat. [potion of mutation]
  1289 | D:2      | Gained mutation: You have large cloven feet. [potion of mutation]
  1289 | D:2      | HP: 1/22 [orc/dagger (1)]
  1291 | D:2      | Killed from afar by an orc wizard

Vault maps used:
D:1:      dpeg_arrival_morbid_curiosity, st_stairs_14

Skill      XL: |  1  2 |
---------------+-------+-----
Fighting       | 1 2 |  2.5
Necromancy     | 5 |  5.0
Dodging        | |  2.5
Stealth        | |  2.4
Spellcasting   | |  3.0

Action                   || total
-------------------------++-------
 Cast: Pain              ||    62
  Use: Potion            ||     3
  Eat: Chunk             ||     1
Armor: Robe              ||     1
Dodge: Dodged            ||    10

Table legend:
 A = Spawn XP
 B = Non-spawn XP
 C = Spawn XP percentage of total XP
 D = Spawn monster count
 E = Non-spawn monster count
 F = Spawn count percentage of total count
 G = Total turns spent on level
                    A         B        C        D         E        F      G
               +---------+---------+-------+---------+---------+-------+---------
         Total |       0 |      76 |   0.0 |       0 |      38 |   0.0 |  1291
               +---------+---------+-------+---------+---------+-------+---------
           D:1 |       0 |      58 |   0.0 |       0 |      30 |   0.0 |  1192
           D:2 |       0 |      18 |   0.0 |       0 |       8 |   0.0 |    99
               +---------+---------+-------+---------+---------+-------+---------
